[ AOE2 MATCH · #493315286 ]
Team RMSaracens vs Vietnamese
[ REPLAY ANALYSIS · EXTRACTED FROM THE RECORDED GAME ]
Feudal
10:13
Castle
13:44
Imperial
—
| APM avg | 58.7 |
| APM peak | 96 |
| eAPM avg | 35.2 |
| Villagers / military | 139 / 5 |
Focus
⚔️ 41.4% · 🌾 58.6%
Monk ×2 · Mangonel ×2 · Scorpion ×1
Feudal
10:56
Castle
14:36
Imperial
—
| APM avg | 52.9 |
| APM peak | 91 |
| eAPM avg | 32.9 |
| Villagers / military | 83 / 54 |
Focus
⚔️ 60.0% · 🌾 40.0%
Fire Lancer ×42 · Monk ×5 · Militia ×4 · Spearman ×2 · Mangonel ×1
Feudal
12:12
Castle
15:47
Imperial
29:29
| APM avg | 29.4 |
| APM peak | 57 |
| eAPM avg | 18.6 |
| Villagers / military | 99 / 9 |
Focus
⚔️ 28.5% · 🌾 71.5%
Serjeant ×4 · Petard ×3 · Trebuchet (Packed) ×2
Feudal
10:56
Castle
16:10
Imperial
—
| APM avg | 34.5 |
| APM peak | 87 |
| eAPM avg | 15.1 |
| Villagers / military | 65 / 33 |
Focus
⚔️ 31.1% · 🌾 68.9%
Cavalry Archer ×21 · Battering Ram ×11 · Mangonel ×1
Feudal
10:13
Castle
15:52
Imperial
27:53
| APM avg | 27.4 |
| APM peak | 73 |
| eAPM avg | 17.0 |
| Villagers / military | 114 / 25 |
Focus
⚔️ 17.3% · 🌾 82.7%
Spearman ×19 · Bombard Cannon ×3 · Trebuchet (Packed) ×2 · Monk ×1
Feudal
12:01
Castle
15:35
Imperial
27:14
| APM avg | 43.8 |
| APM peak | 103 |
| eAPM avg | 35.7 |
| Villagers / military | 154 / 104 |
Focus
⚔️ 33.1% · 🌾 66.9%
Knight ×103 · Monk ×1
Feudal
10:36
Castle
14:38
Imperial
—
| APM avg | 51.8 |
| APM peak | 92 |
| eAPM avg | 26.5 |
| Villagers / military | 81 / 36 |
Focus
⚔️ 29.4% · 🌾 70.6%
Militia ×33 · Battering Ram ×3
Feudal
10:56
Castle
14:44
Imperial
—
| APM avg | 25.4 |
| APM peak | 60 |
| eAPM avg | 17.8 |
| Villagers / military | 75 / 109 |
Focus
⚔️ 31.5% · 🌾 68.5%
Fire Lancer ×76 · Battering Ram ×21 · Militia ×11 · Spearman ×1 · Unknown (1105) ×1
Match map
Initial resources + every placement click. Lines = walls · curves = elevation contours. ◆ gold · ⬟ stone · ● berries · ✦ relic · ◌ wall gap
Your base· ✓ Closed at 13:44 · 8t walls · 2 gate(s)
|FMG| TINCHO's base· ✓ Closed at 14:36 · 1t walls · 3 gate(s)
OS+ | Slam's Coach's base· ✓ Closed at 15:47 · 0t walls · 2 gate(s)
ArNuL's base· ✓ Closed at 16:10 · 0t walls · 3 gate(s)
Armazmar's base· ✓ Closed at 15:52 · 0t walls · 2 gate(s)
OS | 展毅's base· ✓ Closed at 15:35 · 16t walls · 3 gate(s)
FMG | Camilo's base· ✓ Closed at 14:38 · 0t walls · 3 gate(s)
RoR | Smokealot's base· ✓ Closed at 14:44 · 0t walls · 3 gate(s)
Smoothed initial terrain · ◌ = detected wall gap · hover for details
Inputs per minute
— develement - - |FMG| TINCHO
Build order — develement
First 150 of 290 actions detected
| 0:00 | Create | Villager (Male) |
| 0:01 | Create | Villager (Male) |
| 0:02 | Build | House |
| 0:03 | Build | House |
| 0:12 | Create | Villager (Male) |
| 0:18 | Create | Villager (Male) |
| 1:24 | Create | Villager (Male) |
| 1:45 | Build | Palisade Wall |
| 1:47 | Build | Palisade Wall |
| 1:48 | Build | Palisade Wall |
| 1:58 | Build | Palisade Wall |
| 2:02 | Build | Palisade Wall |
| 2:06 | Build | Palisade Gate |
| 2:12 | Build | Palisade Wall |
| 2:13 | Build | Palisade Wall |
| 2:13 | Create | Villager (Male) |
| 2:13 | Create | Villager (Male) |
| 2:19 | Build | Palisade Wall |
| 2:53 | Build | Lumber Camp |
| 2:53 | Create | Villager (Male) |
| 2:54 | Create | Villager (Male) |
| 3:04 | Create | Villager (Male) |
| 3:30 | Create | Villager (Male) |
| 3:30 | Create | Villager (Male) |
| 4:15 | Build | House |
| 4:17 | Create | Villager (Male) |
| 4:18 | Create | Villager (Male) |
| 4:19 | Create | Villager (Male) |
| 4:37 | Create | Villager (Male) |
| 5:25 | Create | Villager (Male) |
| 5:27 | Create | Villager (Male) |
| 5:33 | Build | Mill |
| 5:52 | Create | Villager (Male) |
| 5:58 | Create | Villager (Male) |
| 5:59 | Create | Villager (Male) |
| 6:01 | Build | House |
| 6:03 | Create | Villager (Male) |
| 6:44 | Create | Villager (Male) |
| 7:07 | Create | Villager (Male) |
| 7:25 | Build | Mining Camp |
| 7:35 | Create | Villager (Male) |
| 8:01 | Research | Feudal Age |
| 8:02 | Research | Feudal Age |
| 8:23 | Build | Farm |
| 8:27 | Build | Farm |
| 8:37 | Build | House |
| 10:02 | Create | Villager (Male) |
| 10:02 | Create | Villager (Male) |
| 10:13 | Age | Feudal Age |
| 10:15 | Build | Market |
| 10:16 | Build | Blacksmith |
| 11:04 | Research | Castle Age |
| 11:04 | Research | Castle Age |
| 11:18 | Build | Lumber Camp |
| 11:55 | Research | Double-Bit Axe |
| 12:14 | Build | House |
| 12:21 | Build | House |
| 12:31 | Research | Horse Collar |
| 12:31 | Research | Horse Collar |
| 12:34 | Build | Farm |
| 12:36 | Build | Farm |
| 12:58 | Build | Farm |
| 13:00 | Build | Farm |
| 13:40 | Create | Villager (Male) |
| 13:44 | Age | Castle Age |
| 13:46 | Build | Town Center |
| 13:53 | Research | Bow Saw |
| 13:53 | Research | Bow Saw |
| 13:54 | Research | Bow Saw |
| 14:08 | Build | Farm |
| 14:08 | Create | Villager (Male) |
| 14:09 | Create | Villager (Male) |
| 14:29 | Build | Farm |
| 14:31 | Create | Villager (Male) |
| 14:55 | Create | Villager (Male) |
| 14:57 | Create | Villager (Male) |
| 14:57 | Create | Villager (Male) |
| 15:03 | Create | Villager (Male) |
| 15:04 | Build | Farm |
| 15:06 | Build | Farm |
| 15:07 | Build | Farm |
| 15:19 | Build | Farm |
| 15:23 | Create | Villager (Male) |
| 15:23 | Create | Villager (Male) |
| 15:39 | Create | Villager (Male) |
| 15:39 | Create | Villager (Male) |
| 15:41 | Build | Farm |
| 15:41 | Build | Farm |
| 15:48 | Build | Farm |
| 15:59 | Create | Villager (Male) |
| 16:05 | Create | Villager (Male) |
| 16:10 | Build | House |
| 16:10 | Build | House |
| 16:25 | Build | Monastery |
| 16:39 | Create | Villager (Male) |
| 16:40 | Create | Villager (Male) |
| 16:56 | Create | Villager (Male) |
| 17:00 | Create | Villager (Male) |
| 17:19 | Build | Town Center |
| 17:22 | Create | Villager (Male) |
| 17:24 | Create | Monk |
| 17:30 | Create | Villager (Male) |
| 17:31 | Create | Villager (Male) |
| 17:34 | Build | Farm |
| 17:37 | Build | Farm |
| 17:39 | Build | Farm |
| 17:40 | Create | Villager (Male) |
| 17:40 | Create | Villager (Male) |
| 17:43 | Build | Farm |
| 17:52 | Create | Villager (Male) |
| 17:53 | Create | Villager (Male) |
| 17:56 | Build | Farm |
| 18:03 | Create | Villager (Male) |
| 18:13 | Create | Villager (Male) |
| 18:13 | Create | Villager (Male) |
| 18:21 | Create | Villager (Male) |
| 18:28 | Create | Villager (Male) |
| 18:43 | Create | Villager (Male) |
| 18:48 | Create | Villager (Male) |
| 18:50 | Create | Villager (Male) |
| 18:56 | Build | House |
| 18:57 | Build | House |
| 18:58 | Create | Villager (Male) |
| 19:03 | Build | Farm |
| 19:05 | Build | Farm |
| 19:07 | Build | Farm |
| 19:08 | Build | Farm |
| 19:08 | Build | Farm |
| 19:09 | Create | Villager (Male) |
| 19:22 | Create | Villager (Male) |
| 19:30 | Create | Villager (Male) |
| 19:34 | Research | Heavy Plow |
| 19:45 | Create | Villager (Male) |
| 19:45 | Create | Villager (Male) |
| 19:47 | Build | Farm |
| 19:48 | Build | Farm |
| 20:09 | Create | Villager (Male) |
| 20:14 | Create | Villager (Male) |
| 20:14 | Create | Villager (Male) |
| 20:15 | Create | Monk |
| 20:18 | Build | Farm |
| 20:21 | Create | Villager (Male) |
| 20:24 | Build | Farm |
| 20:24 | Build | Farm |
| 20:25 | Create | Villager (Male) |
| 20:31 | Research | Gold Mining |
| 20:33 | Create | Villager (Male) |
| 20:35 | Build | Farm |
| 20:36 | Create | Villager (Male) |
| 20:38 | Build | House |
Build order — |FMG| TINCHO
First 150 of 227 actions detected
| 0:00 | Create | Villager (Male) |
| 0:01 | Create | Villager (Male) |
| 0:03 | Build | House |
| 0:04 | Build | House |
| 0:10 | Create | Villager (Male) |
| 0:18 | Create | Villager (Male) |
| 1:34 | Create | Villager (Male) |
| 1:34 | Create | Villager (Male) |
| 2:03 | Build | Lumber Camp |
| 2:06 | Create | Villager (Male) |
| 2:06 | Create | Villager (Male) |
| 2:50 | Create | Villager (Male) |
| 3:08 | Build | House |
| 3:09 | Build | House |
| 3:10 | Create | Villager (Male) |
| 3:10 | Create | Villager (Male) |
| 3:38 | Create | Villager (Male) |
| 3:53 | Create | Villager (Male) |
| 4:26 | Create | Villager (Male) |
| 4:59 | Create | Villager (Male) |
| 5:14 | Build | Mill |
| 5:16 | Create | Villager (Male) |
| 5:16 | Create | Villager (Male) |
| 5:41 | Create | Villager (Male) |
| 5:41 | Create | Villager (Male) |
| 5:47 | Create | Villager (Male) |
| 6:33 | Create | Villager (Male) |
| 6:36 | Create | Villager (Male) |
| 6:40 | Create | Villager (Male) |
| 7:16 | Build | Farm |
| 7:16 | Create | Villager (Male) |
| 7:17 | Create | Villager (Male) |
| 7:32 | Create | Villager (Male) |
| 7:44 | Build | Farm |
| 8:27 | Build | Mining Camp |
| 8:45 | Research | Feudal Age |
| 8:45 | Research | Feudal Age |
| 9:26 | Create | Villager (Male) |
| 9:26 | Create | Villager (Male) |
| 10:09 | Build | House |
| 10:48 | Build | House |
| 10:56 | Age | Feudal Age |
| 11:01 | Build | Market |
| 11:02 | Build | Blacksmith |
| 11:30 | Build | House |
| 11:56 | Research | Castle Age |
| 12:01 | Build | House |
| 12:33 | Build | House |
| 13:02 | Build | Barracks |
| 13:19 | Research | Double-Bit Axe |
| 13:20 | Research | Double-Bit Axe |
| 13:28 | Build | Farm |
| 13:43 | Create | Villager (Male) |
| 13:44 | Research | Horse Collar |
| 13:58 | Create | Spearman |
| 14:05 | Build | Farm |
| 14:19 | Build | Palisade Gate |
| 14:21 | Build | Palisade Wall |
| 14:28 | Build | House |
| 14:32 | Build | House |
| 14:36 | Age | Castle Age |
| 14:37 | Build | Palisade Wall |
| 14:40 | Create | Fire Lancer |
| 14:41 | Create | Villager (Male) |
| 14:51 | Create | Villager (Male) |
| 15:12 | Create | Fire Lancer |
| 15:12 | Create | Villager (Male) |
| 15:17 | Build | Monastery |
| 15:22 | Build | Farm |
| 15:25 | Build | Farm |
| 15:27 | Build | Farm |
| 15:33 | Create | Fire Lancer |
| 15:36 | Create | Villager (Male) |
| 15:39 | Create | Villager (Male) |
| 16:01 | Create | Villager (Male) |
| 16:13 | Build | Farm |
| 16:16 | Build | Farm |
| 16:29 | Build | Farm |
| 16:41 | Create | Villager (Male) |
| 16:43 | Create | Monk |
| 16:46 | Build | Farm |
| 16:47 | Build | Farm |
| 16:49 | Create | Villager (Male) |
| 16:57 | Build | Farm |
| 17:13 | Build | Farm |
| 17:18 | Research | Bow Saw |
| 17:36 | Build | Town Center |
| 17:47 | Create | Monk |
| 17:56 | Build | Farm |
| 17:59 | Create | Villager (Male) |
| 18:05 | Create | Villager (Male) |
| 18:09 | Create | Villager (Male) |
| 18:18 | Create | Villager (Male) |
| 18:20 | Build | Farm |
| 18:22 | Build | Farm |
| 18:25 | Create | Villager (Male) |
| 18:31 | Research | Scale Mail Armor |
| 18:40 | Create | Villager (Male) |
| 18:45 | Build | Farm |
| 18:49 | Create | Villager (Male) |
| 18:52 | Research | Loom |
| 19:08 | Create | Villager (Male) |
| 19:10 | Build | Farm |
| 19:12 | Build | Farm |
| 19:13 | Research | Loom |
| 19:18 | Create | Fire Lancer |
| 19:29 | Create | Fire Lancer |
| 19:32 | Create | Villager (Male) |
| 19:40 | Build | Farm |
| 19:45 | Create | Fire Lancer |
| 20:10 | Build | Farm |
| 20:11 | Build | Farm |
| 20:12 | Create | Villager (Male) |
| 20:13 | Create | Villager (Male) |
| 20:15 | Research | Loom |
| 20:41 | Create | Villager (Male) |
| 20:44 | Research | Wheelbarrow |
| 20:45 | Create | Villager (Male) |
| 20:48 | Build | Farm |
| 20:52 | Build | Farm |
| 20:55 | Build | Farm |
| 20:56 | Create | Villager (Male) |
| 21:16 | Build | Barracks |
| 21:17 | Build | Barracks |
| 21:18 | Create | Villager (Male) |
| 21:20 | Research | Squires |
| 21:24 | Create | Fire Lancer |
| 21:28 | Create | Villager (Male) |
| 21:32 | Create | Villager (Male) |
| 21:39 | Create | Fire Lancer |
| 21:40 | Create | Militia |
| 21:45 | Create | Monk |
| 21:47 | Create | Villager (Male) |
| 21:54 | Research | Gold Mining |
| 21:54 | Research | Gold Mining |
| 22:02 | Build | Mining Camp |
| 22:04 | Create | Villager (Male) |
| 22:14 | Create | Fire Lancer |
| 22:15 | Create | Fire Lancer |
| 22:22 | Create | Fire Lancer |
| 22:24 | Create | Villager (Male) |
| 22:30 | Create | Villager (Male) |
| 22:40 | Build | House |
| 22:43 | Build | House |
| 22:46 | Build | House |
| 22:51 | Create | Villager (Male) |
| 22:54 | Build | Stone Wall |
| 22:55 | Create | Spearman |
| 22:57 | Build | Stone Wall |
| 22:58 | Create | Villager (Male) |
Build order — OS+ | Slam's Coach
First 150 of 168 actions detected
| 0:00 | Create | Villager (Male) |
| 0:01 | Create | Villager (Male) ×4 |
| 0:01 | Create | Villager (Male) ×3 |
| 0:02 | Build | House |
| 0:05 | Build | House |
| 1:28 | Create | Villager (Male) |
| 1:51 | Build | Lumber Camp |
| 1:57 | Create | Villager (Male) |
| 2:16 | Create | Villager (Male) |
| 2:34 | Create | Villager (Male) |
| 3:04 | Create | Villager (Male) |
| 3:23 | Build | House |
| 3:30 | Build | House |
| 3:37 | Create | Villager (Male) |
| 3:59 | Create | Villager (Male) |
| 4:12 | Build | House |
| 4:26 | Create | Villager (Male) |
| 4:40 | Build | Mill |
| 4:46 | Create | Villager (Male) |
| 5:05 | Create | Villager (Male) |
| 5:15 | Create | Villager (Male) |
| 5:26 | Create | Villager (Male) |
| 5:33 | Build | Mill |
| 6:10 | Create | Villager (Male) |
| 6:30 | Create | Villager (Male) |
| 6:56 | Create | Villager (Male) |
| 7:14 | Build | Mining Camp |
| 7:34 | Build | Mining Camp |
| 7:53 | Create | Villager (Male) |
| 8:10 | Create | Villager (Male) |
| 8:38 | Create | Villager (Male) |
| 9:06 | Research | Feudal Age |
| 9:10 | Create | Villager (Male) |
| 9:14 | Build | Farm |
| 9:25 | Build | Farm |
| 9:27 | Build | Farm |
| 9:30 | Create | Villager (Male) |
| 9:35 | Research | Loom |
| 10:02 | Research | Feudal Age |
| 10:17 | Build | Farm |
| 10:39 | Create | Villager (Male) |
| 10:39 | Create | Villager (Male) |
| 11:23 | Build | Farm |
| 12:12 | Age | Feudal Age |
| 12:14 | Build | Market |
| 12:18 | Build | Blacksmith |
| 13:07 | Research | Castle Age |
| 13:09 | Research | Horse Collar |
| 13:18 | Build | Farm |
| 13:49 | Research | Double-Bit Axe |
| 15:17 | Build | House |
| 15:22 | Create | Villager (Male) |
| 15:47 | Age | Castle Age |
| 15:50 | Research | Bow Saw |
| 15:51 | Research | Heavy Plow |
| 16:10 | Create | Villager (Male) |
| 16:35 | Create | Villager (Male) |
| 16:39 | Build | House |
| 16:50 | Create | Villager (Male) |
| 17:12 | Build | Town Center |
| 17:26 | Research | Wheelbarrow |
| 17:30 | Create | Villager (Male) |
| 17:30 | Create | Villager (Male) |
| 17:34 | Build | Farm |
| 17:46 | Build | Farm |
| 18:02 | Build | Farm |
| 18:05 | Create | Villager (Male) |
| 18:14 | Create | Villager (Male) |
| 18:18 | Create | Villager (Male) |
| 18:26 | Build | Farm |
| 18:29 | Create | Villager (Male) |
| 18:42 | Create | Villager (Male) ×3 |
| 19:03 | Build | Castle |
| 19:14 | Create | Villager (Male) |
| 19:16 | Build | Farm |
| 19:20 | Research | Stone Mining |
| 19:20 | Research | Stone Mining |
| 19:33 | Research | Fletching |
| 19:34 | Research | Fletching |
| 19:36 | Build | House |
| 19:48 | Create | Villager (Male) |
| 19:53 | Research | Town Watch |
| 20:08 | Create | Villager (Male) |
| 20:18 | Build | Farm |
| 20:20 | Create | Villager (Male) |
| 20:39 | Build | Castle |
| 20:44 | Create | Villager (Male) |
| 20:46 | Create | Villager (Male) |
| 20:49 | Build | Farm |
| 20:59 | Create | Villager (Male) |
| 21:05 | Build | Farm |
| 21:12 | Create | Villager (Male) |
| 21:15 | Build | Farm |
| 21:19 | Build | Farm |
| 21:27 | Create | Villager (Male) |
| 21:40 | Create | Villager (Male) |
| 21:43 | Build | Farm |
| 21:55 | Build | Donjon |
| 22:00 | Create | Villager (Male) |
| 22:00 | Create | Villager (Male) |
| 22:08 | Build | Farm |
| 22:17 | Create | Villager (Male) |
| 22:20 | Create | Villager (Male) |
| 22:33 | Create | Serjeant |
| 22:39 | Build | Farm |
| 22:41 | Build | Farm |
| 22:45 | Build | Farm |
| 22:46 | Build | Farm |
| 22:48 | Create | Villager (Male) |
| 22:48 | Create | Villager (Male) |
| 23:10 | Create | Villager (Male) |
| 23:11 | Create | Villager (Male) |
| 23:26 | Build | Town Center |
| 23:37 | Build | Palisade Wall |
| 23:43 | Create | Villager (Male) |
| 23:45 | Research | Wheelbarrow |
| 23:45 | Research | Wheelbarrow |
| 23:57 | Create | Villager (Male) ×3 |
| 24:10 | Create | Serjeant |
| 24:19 | Create | Villager (Male) ×2 |
| 24:24 | Build | Farm |
| 24:48 | Build | Mining Camp |
| 24:54 | Create | Villager (Male) |
| 24:56 | Build | Farm |
| 25:19 | Create | Villager (Male) |
| 25:20 | Create | Villager (Male) |
| 25:58 | Build | Gate |
| 26:00 | Build | Stone Wall |
| 26:04 | Build | Stone Wall |
| 26:19 | Research | Imperial Age |
| 26:21 | Create | Villager (Male) |
| 26:21 | Create | Villager (Male) |
| 26:40 | Build | Stone Wall |
| 26:41 | Build | Stone Wall |
| 26:45 | Build | Stone Wall |
| 26:47 | Create | Serjeant |
| 26:49 | Create | Serjeant |
| 26:50 | Research | Bodkin Arrow |
| 26:52 | Create | Villager (Male) |
| 26:56 | Build | Stone Wall |
| 26:56 | Build | Stone Wall |
| 27:03 | Build | Gate |
| 27:16 | Build | Stone Wall |
| 27:22 | Build | Stone Wall |
| 27:39 | Create | Villager (Male) ×5 |
| 27:46 | Create | Petard |
| 27:48 | Create | Petard |
| 27:50 | Create | Petard |
| 27:51 | Create | Villager (Male) |
| 27:53 | Build | Siege Workshop |
Build order — ArNuL
First 150 of 176 actions detected
| 0:01 | Create | Villager (Male) |
| 0:01 | Create | Villager (Male) |
| 0:01 | Create | Villager (Male) |
| 0:22 | Create | Villager (Male) |
| 1:39 | Create | Villager (Male) |
| 1:40 | Create | Villager (Male) |
| 1:53 | Build | Lumber Camp |
| 1:58 | Create | Villager (Male) |
| 2:17 | Create | Villager (Male) |
| 2:17 | Create | Villager (Male) |
| 2:48 | Create | Villager (Male) |
| 2:48 | Create | Villager (Male) |
| 3:16 | Create | Villager (Male) |
| 3:16 | Create | Villager (Male) |
| 3:36 | Create | Villager (Male) |
| 3:36 | Create | Villager (Male) |
| 3:36 | Create | Villager (Male) |
| 4:05 | Create | Villager (Male) |
| 4:09 | Build | Mill |
| 4:24 | Create | Villager (Male) |
| 4:24 | Create | Villager (Male) |
| 4:59 | Create | Villager (Male) |
| 5:02 | Create | Villager (Male) |
| 5:25 | Create | Villager (Male) |
| 5:30 | Build | Farm |
| 5:44 | Create | Villager (Male) |
| 5:50 | Build | Farm |
| 6:22 | Create | Villager (Male) |
| 6:38 | Build | Farm |
| 7:03 | Create | Villager (Male) |
| 7:29 | Create | Villager (Male) |
| 7:51 | Create | Villager (Male) |
| 7:56 | Build | Farm |
| 8:01 | Create | Villager (Male) |
| 8:06 | Build | Mining Camp |
| 8:43 | Research | Feudal Age |
| 8:44 | Research | Feudal Age |
| 8:44 | Research | Feudal Age |
| 9:21 | Build | Barracks |
| 10:03 | Create | Villager (Male) |
| 10:04 | Create | Villager (Male) |
| 10:25 | Build | Farm |
| 10:45 | Create | Villager (Male) |
| 10:56 | Age | Feudal Age |
| 10:58 | Build | Blacksmith |
| 11:10 | Build | Archery Range |
| 11:24 | Build | Farm |
| 11:28 | Build | Farm |
| 12:02 | Create | Villager (Male) |
| 12:09 | Build | Farm |
| 12:28 | Build | Farm |
| 12:32 | Create | Villager (Male) |
| 13:01 | Create | Villager (Male) |
| 13:06 | Build | Farm |
| 13:30 | Research | Castle Age |
| 13:30 | Research | Castle Age |
| 13:59 | Research | Double-Bit Axe |
| 13:59 | Research | Double-Bit Axe |
| 14:36 | Research | Horse Collar |
| 14:36 | Research | Horse Collar |
| 15:10 | Research | Gold Mining |
| 15:23 | Build | Farm |
| 15:38 | Create | Villager (Male) |
| 15:38 | Create | Villager (Male) |
| 16:10 | Age | Castle Age |
| 16:12 | Build | Siege Workshop |
| 16:13 | Create | Cavalry Archer |
| 16:16 | Research | Bow Saw |
| 16:25 | Create | Villager (Male) |
| 16:42 | Create | Villager (Male) |
| 16:55 | Create | Battering Ram |
| 16:55 | Create | Battering Ram |
| 16:58 | Build | Farm |
| 17:00 | Create | Cavalry Archer |
| 17:00 | Create | Cavalry Archer |
| 17:11 | Research | Fletching |
| 17:11 | Research | Fletching |
| 17:23 | Build | Farm |
| 17:32 | Create | Battering Ram |
| 17:32 | Create | Battering Ram |
| 17:35 | Create | Villager (Male) |
| 17:48 | Create | Cavalry Archer |
| 17:48 | Create | Cavalry Archer |
| 18:09 | Create | Villager (Male) |
| 18:25 | Create | Battering Ram |
| 18:25 | Create | Battering Ram |
| 18:33 | Create | Villager (Male) |
| 18:35 | Create | Cavalry Archer |
| 18:35 | Create | Cavalry Archer |
| 18:46 | Create | Battering Ram |
| 19:00 | Create | Cavalry Archer |
| 19:07 | Research | Bodkin Arrow |
| 19:07 | Research | Bodkin Arrow |
| 19:08 | Create | Villager (Male) |
| 19:36 | Create | Battering Ram |
| 19:36 | Create | Battering Ram |
| 19:38 | Create | Villager (Male) |
| 20:12 | Create | Villager (Male) |
| 20:15 | Create | Battering Ram |
| 20:15 | Create | Battering Ram |
| 20:22 | Create | Cavalry Archer |
| 20:25 | Research | Padded Archer Armor |
| 20:25 | Research | Padded Archer Armor |
| 20:29 | Build | Lumber Camp |
| 20:31 | Build | Mining Camp |
| 20:52 | Create | Cavalry Archer |
| 21:02 | Create | Villager (Male) |
| 21:41 | Create | Villager (Male) |
| 21:43 | Create | Mangonel |
| 21:49 | Create | Cavalry Archer |
| 21:49 | Create | Cavalry Archer |
| 21:57 | Research | Wheelbarrow |
| 21:57 | Research | Wheelbarrow |
| 22:45 | Create | Cavalry Archer |
| 22:45 | Create | Cavalry Archer |
| 22:45 | Create | Cavalry Archer |
| 23:33 | Create | Cavalry Archer |
| 23:33 | Create | Cavalry Archer |
| 24:42 | Research | Hand Cart |
| 24:42 | Research | Hand Cart |
| 24:42 | Research | Town Watch |
| 24:42 | Research | Town Watch |
| 25:39 | Create | Villager (Male) |
| 25:39 | Create | Villager (Male) |
| 25:41 | Build | Town Center |
| 25:53 | Build | Lumber Camp |
| 26:13 | Build | Archery Range |
| 26:19 | Build | Farm |
| 26:20 | Build | Farm |
| 26:21 | Build | Farm |
| 26:22 | Build | Farm |
| 26:23 | Build | Farm |
| 26:26 | Build | Farm |
| 26:27 | Build | Farm |
| 26:29 | Research | Loom |
| 26:29 | Research | Loom |
| 26:32 | Build | Farm |
| 26:35 | Research | Stone Mining |
| 26:35 | Research | Stone Mining |
| 26:35 | Research | Stone Mining |
| 26:39 | Build | Lumber Camp |
| 26:42 | Create | Villager (Male) |
| 26:44 | Create | Cavalry Archer |
| 26:44 | Create | Cavalry Archer |
| 27:11 | Build | University |
| 27:12 | Create | Villager (Male) |
| 27:21 | Build | Mining Camp |
| 27:23 | Create | Villager (Male) |
| 27:23 | Create | Villager (Male) |
| 27:31 | Create | Villager (Male) |
Build order — Armazmar
First 150 of 217 actions detected
| 0:02 | Create | Villager (Male) |
| 0:03 | Create | Villager (Male) |
| 0:03 | Create | Villager (Male) |
| 0:03 | Build | House |
| 0:17 | Create | Villager (Male) |
| 0:18 | Create | Villager (Male) |
| 1:18 | Create | Villager (Male) |
| 1:46 | Build | House |
| 1:51 | Create | Villager (Male) |
| 1:51 | Create | Villager (Male) |
| 1:51 | Create | Villager (Male) |
| 2:10 | Create | Villager (Male) |
| 2:10 | Create | Villager (Male) |
| 2:43 | Create | Villager (Male) |
| 2:43 | Create | Villager (Male) |
| 3:00 | Create | Villager (Male) |
| 3:00 | Create | Villager (Male) |
| 3:00 | Create | Villager (Male) |
| 3:26 | Build | House |
| 3:35 | Create | Villager (Male) |
| 3:36 | Create | Villager (Male) |
| 3:36 | Create | Villager (Male) |
| 3:36 | Create | Villager (Male) |
| 4:16 | Create | Villager (Male) |
| 4:20 | Build | Mill |
| 4:39 | Create | Villager (Male) |
| 4:39 | Create | Villager (Male) |
| 5:28 | Create | Villager (Male) |
| 5:29 | Create | Villager (Male) |
| 5:34 | Build | House |
| 5:37 | Build | Lumber Camp |
| 6:01 | Build | Lumber Camp |
| 6:06 | Create | Villager (Male) |
| 6:07 | Create | Villager (Male) |
| 6:07 | Create | Villager (Male) |
| 6:49 | Create | Villager (Male) |
| 8:03 | Research | Feudal Age |
| 9:56 | Build | Mining Camp |
| 9:59 | Create | Villager (Male) |
| 9:59 | Create | Villager (Male) |
| 10:13 | Age | Feudal Age |
| 10:13 | Research | Double-Bit Axe |
| 10:59 | Create | Villager (Male) |
| 10:59 | Create | Villager (Male) |
| 11:07 | Build | House |
| 11:25 | Build | Blacksmith |
| 11:56 | Build | Market |
| 11:58 | Build | Farm |
| 12:14 | Build | Farm |
| 12:19 | Build | Farm |
| 12:32 | Create | Villager (Male) |
| 12:35 | Build | Farm |
| 12:59 | Build | Mining Camp |
| 13:12 | Research | Castle Age |
| 13:13 | Research | Castle Age |
| 13:21 | Build | Farm |
| 13:22 | Build | Farm |
| 13:29 | Research | Horse Collar |
| 14:26 | Build | Farm |
| 14:28 | Build | Farm |
| 14:32 | Build | Farm |
| 14:42 | Build | Farm |
| 15:25 | Build | House |
| 15:52 | Age | Castle Age |
| 15:57 | Create | Villager (Male) |
| 15:58 | Create | Villager (Male) |
| 15:58 | Create | Villager (Male) |
| 16:12 | Build | Town Center |
| 16:15 | Research | Bow Saw |
| 16:27 | Create | Villager (Male) |
| 16:36 | Build | House |
| 16:47 | Build | Monastery |
| 17:08 | Create | Villager (Male) |
| 17:41 | Create | Villager (Male) |
| 17:42 | Create | Villager (Male) |
| 17:49 | Create | Villager (Male) |
| 17:49 | Create | Villager (Male) |
| 17:50 | Create | Villager (Male) |
| 17:54 | Create | Monk |
| 18:17 | Build | Farm |
| 18:22 | Create | Villager (Male) |
| 18:22 | Create | Villager (Male) |
| 18:34 | Research | Fervor |
| 18:35 | Build | Farm |
| 18:54 | Build | Farm |
| 19:09 | Create | Villager (Male) |
| 19:09 | Create | Villager (Male) |
| 19:09 | Create | Villager (Male) |
| 19:11 | Build | Farm |
| 19:12 | Build | Farm |
| 19:54 | Create | Villager (Male) |
| 19:54 | Create | Villager (Male) |
| 19:54 | Create | Villager (Male) |
| 19:56 | Build | Farm |
| 19:58 | Build | Farm |
| 20:13 | Build | House |
| 20:23 | Build | Town Center |
| 20:37 | Build | Farm |
| 20:40 | Research | Wheelbarrow |
| 20:59 | Create | Villager (Male) |
| 20:59 | Create | Villager (Male) |
| 21:00 | Create | Villager (Male) |
| 21:00 | Create | Villager (Male) |
| 21:02 | Build | Farm |
| 21:03 | Build | Farm |
| 21:18 | Build | House |
| 21:29 | Build | Farm |
| 21:57 | Create | Villager (Male) |
| 21:57 | Create | Villager (Male) |
| 21:59 | Build | Farm |
| 22:00 | Create | Villager (Male) |
| 22:00 | Create | Villager (Male) |
| 22:03 | Build | Farm |
| 22:03 | Build | Farm |
| 22:03 | Build | Farm |
| 22:05 | Build | Farm |
| 22:06 | Create | Villager (Male) |
| 22:06 | Create | Villager (Male) |
| 22:06 | Create | Villager (Male) |
| 22:42 | Research | Loom |
| 22:45 | Build | Farm |
| 22:55 | Create | Villager (Male) |
| 22:55 | Create | Villager (Male) |
| 22:55 | Create | Villager (Male) |
| 22:56 | Create | Villager (Male) |
| 22:56 | Create | Villager (Male) |
| 22:57 | Create | Villager (Male) |
| 23:01 | Build | University |
| 23:24 | Build | Castle |
| 23:29 | Build | Farm |
| 23:30 | Build | Farm |
| 23:34 | Create | Villager (Male) |
| 23:34 | Create | Villager (Male) |
| 23:34 | Create | Villager (Male) |
| 23:39 | Build | House |
| 23:40 | Build | House |
| 23:43 | Build | House |
| 23:45 | Build | House |
| 23:47 | Build | House |
| 23:47 | Build | House |
| 24:29 | Research | Imperial Age |
| 24:31 | Create | Villager (Male) |
| 24:32 | Create | Villager (Male) |
| 24:32 | Create | Villager (Male) |
| 24:48 | Build | Farm |
| 24:50 | Build | Farm |
| 25:02 | Build | Barracks |
| 25:19 | Build | Farm |
| 25:20 | Build | Farm |
| 25:22 | Research | Scale Mail Armor |
Build order — OS | 展毅
First 150 of 464 actions detected
| 0:00 | Create | Villager (Male) |
| 0:03 | Build | House |
| 0:04 | Build | House |
| 0:10 | Create | Villager (Male) |
| 0:11 | Create | Villager (Male) |
| 0:11 | Create | Villager (Male) |
| 0:36 | Build | Palisade Wall |
| 0:37 | Build | Palisade Wall |
| 0:41 | Build | Palisade Wall |
| 0:42 | Build | Palisade Wall |
| 0:46 | Build | Palisade Wall |
| 0:47 | Build | Palisade Wall |
| 0:50 | Build | Palisade Wall |
| 0:57 | Build | Palisade Wall |
| 1:00 | Build | Palisade Wall |
| 1:04 | Build | Palisade Wall |
| 1:09 | Build | Palisade Wall |
| 1:11 | Build | Palisade Wall |
| 1:19 | Build | Palisade Wall |
| 1:30 | Create | Villager (Male) |
| 1:30 | Create | Villager (Male) |
| 1:32 | Build | Palisade Wall |
| 1:33 | Build | Palisade Wall |
| 1:39 | Build | Palisade Wall |
| 2:19 | Create | Villager (Male) |
| 2:19 | Create | Villager (Male) |
| 2:19 | Create | Villager (Male) |
| 2:45 | Create | Villager (Male) |
| 2:46 | Create | Villager (Male) |
| 2:46 | Create | Villager (Male) |
| 2:56 | Build | Lumber Camp |
| 3:11 | Create | Villager (Male) |
| 3:11 | Create | Villager (Male) |
| 3:26 | Create | Villager (Male) |
| 3:26 | Create | Villager (Male) |
| 3:56 | Build | House |
| 3:57 | Create | Villager (Male) |
| 3:57 | Create | Villager (Male) |
| 4:12 | Create | Villager (Male) |
| 4:12 | Create | Villager (Male) |
| 4:12 | Create | Villager (Male) |
| 4:12 | Create | Villager (Male) |
| 4:30 | Build | House |
| 4:53 | Create | Villager (Male) |
| 4:53 | Create | Villager (Male) |
| 4:53 | Create | Villager (Male) |
| 5:03 | Create | Villager (Male) |
| 5:04 | Create | Villager (Male) |
| 5:11 | Create | Villager (Male) |
| 5:12 | Create | Villager (Male) |
| 5:12 | Create | Villager (Male) |
| 5:30 | Build | Lumber Camp |
| 5:50 | Create | Villager (Male) |
| 6:09 | Create | Villager (Male) |
| 6:09 | Create | Villager (Male) |
| 6:09 | Create | Villager (Male) |
| 6:10 | Create | Villager (Male) |
| 6:47 | Build | Mill |
| 6:51 | Create | Villager (Male) |
| 6:51 | Create | Villager (Male) |
| 6:51 | Create | Villager (Male) |
| 7:16 | Create | Villager (Male) |
| 7:16 | Create | Villager (Male) |
| 7:16 | Create | Villager (Male) |
| 7:25 | Build | Mining Camp |
| 7:33 | Create | Villager (Male) |
| 8:47 | Build | Farm |
| 9:07 | Build | Farm |
| 9:25 | Create | Villager (Male) |
| 9:31 | Build | Farm |
| 9:49 | Research | Feudal Age |
| 10:04 | Build | Mill |
| 10:06 | Build | Farm |
| 10:34 | Create | Villager (Male) |
| 10:34 | Create | Villager (Male) |
| 11:19 | Build | Farm |
| 12:01 | Age | Feudal Age |
| 12:03 | Build | Blacksmith |
| 12:07 | Build | Market |
| 12:36 | Build | Farm |
| 12:45 | Build | Farm |
| 12:55 | Research | Castle Age |
| 13:10 | Research | Double-Bit Axe |
| 13:10 | Research | Double-Bit Axe |
| 14:59 | Create | Villager (Male) |
| 15:35 | Age | Castle Age |
| 15:38 | Build | Town Center |
| 15:40 | Build | Town Center |
| 15:45 | Build | Town Center |
| 15:51 | Create | Villager (Male) |
| 16:04 | Research | Bow Saw |
| 16:04 | Research | Bow Saw |
| 16:04 | Research | Bow Saw |
| 16:16 | Create | Villager (Male) |
| 16:25 | Research | Horse Collar |
| 16:45 | Create | Villager (Male) |
| 16:46 | Build | Farm |
| 16:46 | Build | Farm |
| 16:59 | Create | Villager (Male) |
| 16:59 | Create | Villager (Male) |
| 16:59 | Create | Villager (Male) |
| 17:08 | Research | Wheelbarrow |
| 17:19 | Create | Villager (Male) |
| 17:19 | Create | Villager (Male) |
| 17:22 | Create | Villager (Male) |
| 17:24 | Create | Villager (Male) |
| 17:26 | Create | Villager (Male) |
| 17:26 | Create | Villager (Male) |
| 17:26 | Create | Villager (Male) |
| 17:28 | Build | Farm |
| 17:30 | Build | Farm |
| 17:36 | Build | Farm |
| 17:48 | Create | Villager (Male) |
| 17:48 | Create | Villager (Male) |
| 17:48 | Create | Villager (Male) |
| 17:48 | Create | Villager (Male) |
| 17:54 | Build | Farm |
| 17:55 | Build | Farm |
| 17:56 | Build | Farm |
| 17:57 | Create | Villager (Male) |
| 17:57 | Create | Villager (Male) |
| 17:57 | Create | Villager (Male) |
| 18:01 | Build | Farm |
| 18:02 | Build | Farm |
| 18:05 | Create | Villager (Male) |
| 18:07 | Build | Farm |
| 18:08 | Build | Farm |
| 18:14 | Build | Farm |
| 18:17 | Create | Villager (Male) |
| 18:17 | Create | Villager (Male) |
| 18:18 | Create | Villager (Male) |
| 18:23 | Create | Villager (Male) |
| 18:23 | Create | Villager (Male) |
| 18:23 | Create | Villager (Male) |
| 18:30 | Create | Villager (Male) |
| 18:30 | Create | Villager (Male) |
| 18:30 | Create | Villager (Male) |
| 18:39 | Build | Mill |
| 18:55 | Build | Mill |
| 18:55 | Create | Villager (Male) |
| 18:55 | Create | Villager (Male) |
| 18:55 | Create | Villager (Male) |
| 18:56 | Create | Villager (Male) |
| 18:56 | Create | Villager (Male) |
| 18:58 | Build | Farm |
| 19:01 | Build | Farm |
| 19:01 | Build | Farm |
| 19:02 | Build | Farm |
| 19:03 | Build | Farm |
| 19:08 | Build | Farm |
Build order — FMG | Camilo
First 150 of 241 actions detected
| 0:00 | Create | Villager (Male) |
| 0:01 | Create | Villager (Male) |
| 0:02 | Build | House |
| 0:03 | Build | House |
| 0:21 | Create | Villager (Male) |
| 0:21 | Create | Villager (Male) |
| 1:20 | Build | Lumber Camp |
| 1:23 | Create | Villager (Male) |
| 1:57 | Create | Villager (Male) |
| 2:21 | Create | Villager (Male) |
| 2:46 | Create | Villager (Male) |
| 2:46 | Create | Villager (Male) |
| 3:17 | Create | Villager (Male) |
| 3:37 | Create | Villager (Male) |
| 3:49 | Build | House |
| 3:51 | Build | House |
| 3:57 | Create | Villager (Male) |
| 4:28 | Create | Villager (Male) |
| 4:28 | Create | Villager (Male) |
| 4:33 | Create | Villager (Male) |
| 4:45 | Build | Mill |
| 4:57 | Create | Villager (Male) |
| 5:18 | Create | Villager (Male) |
| 5:18 | Create | Villager (Male) |
| 6:03 | Create | Villager (Male) |
| 6:37 | Create | Villager (Male) |
| 6:42 | Build | Farm |
| 6:58 | Create | Villager (Male) |
| 7:24 | Create | Villager (Male) |
| 7:44 | Create | Villager (Male) |
| 8:09 | Build | Mill |
| 8:16 | Build | Mining Camp |
| 8:26 | Research | Feudal Age |
| 9:53 | Build | House |
| 9:53 | Build | House |
| 10:13 | Create | Villager (Male) |
| 10:13 | Create | Villager (Male) |
| 10:36 | Age | Feudal Age |
| 10:37 | Build | Market |
| 10:39 | Build | Blacksmith |
| 11:20 | Build | Farm |
| 11:32 | Create | Villager (Male) |
| 11:58 | Research | Castle Age |
| 12:20 | Build | House |
| 12:26 | Research | Horse Collar |
| 12:29 | Build | Farm |
| 12:36 | Build | Farm |
| 12:55 | Research | Double-Bit Axe |
| 12:56 | Research | Double-Bit Axe |
| 13:02 | Build | Farm |
| 13:23 | Build | Farm |
| 14:38 | Age | Castle Age |
| 14:39 | Build | Town Center |
| 15:02 | Create | Villager (Male) |
| 15:03 | Create | Villager (Male) |
| 15:06 | Research | Bow Saw |
| 15:06 | Research | Bow Saw |
| 15:08 | Research | Heavy Plow |
| 15:12 | Create | Villager (Male) |
| 15:15 | Build | Farm |
| 15:43 | Create | Villager (Male) |
| 15:50 | Build | Town Center |
| 15:55 | Create | Villager (Male) |
| 16:03 | Create | Villager (Male) |
| 16:05 | Create | Villager (Male) |
| 16:09 | Build | Farm |
| 16:11 | Create | Villager (Male) |
| 16:19 | Create | Villager (Male) |
| 16:25 | Build | Farm |
| 16:31 | Build | Farm |
| 16:37 | Build | Farm |
| 16:43 | Create | Villager (Male) |
| 16:49 | Create | Villager (Male) |
| 16:51 | Build | Farm |
| 16:53 | Create | Villager (Male) |
| 16:57 | Build | House |
| 17:01 | Create | Villager (Male) |
| 17:04 | Build | Farm |
| 17:06 | Build | Farm |
| 17:09 | Create | Villager (Male) |
| 17:19 | Research | Heavy Plow |
| 17:19 | Research | Heavy Plow |
| 17:19 | Create | Villager (Male) |
| 17:27 | Build | Farm |
| 17:29 | Create | Villager (Male) |
| 17:38 | Build | Farm |
| 17:39 | Create | Villager (Male) |
| 17:44 | Build | Farm |
| 17:50 | Build | Farm |
| 17:56 | Create | Villager (Male) |
| 18:01 | Build | Farm |
| 18:02 | Create | Villager (Male) |
| 18:03 | Create | Villager (Male) |
| 18:04 | Build | Farm |
| 18:12 | Build | House |
| 18:14 | Create | Villager (Male) |
| 18:19 | Build | Farm |
| 18:23 | Create | Villager (Male) |
| 18:27 | Build | Farm |
| 18:30 | Build | Farm |
| 18:31 | Create | Villager (Male) |
| 18:31 | Create | Villager (Male) |
| 18:33 | Build | Farm |
| 18:36 | Create | Villager (Male) |
| 18:37 | Create | Villager (Male) |
| 18:38 | Build | Farm |
| 18:42 | Build | Farm |
| 18:47 | Create | Villager (Male) |
| 18:51 | Create | Villager (Male) |
| 18:57 | Build | Lumber Camp |
| 18:59 | Create | Villager (Male) |
| 18:59 | Create | Villager (Male) |
| 19:05 | Build | Farm |
| 19:22 | Create | Villager (Male) |
| 19:24 | Build | House |
| 19:25 | Build | House |
| 19:32 | Build | House |
| 19:33 | Create | Villager (Male) |
| 19:35 | Build | House |
| 19:37 | Build | House |
| 19:38 | Build | House |
| 19:50 | Build | Barracks |
| 19:51 | Research | Scale Mail Armor |
| 19:52 | Create | Villager (Male) |
| 19:52 | Create | Villager (Male) |
| 20:06 | Build | House |
| 20:08 | Create | Villager (Male) |
| 20:15 | Build | Barracks |
| 20:18 | Build | Palisade Wall |
| 20:19 | Create | Villager (Male) |
| 20:24 | Build | Farm |
| 20:25 | Create | Villager (Male) |
| 20:32 | Create | Villager (Male) |
| 20:37 | Build | Farm |
| 20:48 | Build | Mining Camp |
| 20:52 | Research | Stone Mining |
| 20:54 | Research | Loom |
| 20:56 | Research | Wheelbarrow |
| 21:01 | Build | Farm |
| 21:11 | Build | Farm |
| 21:14 | Research | Man-at-Arms (upgrade) |
| 21:15 | Create | Militia |
| 21:15 | Create | Militia |
| 21:24 | Build | Palisade Wall |
| 21:25 | Build | Palisade Wall |
| 21:26 | Build | Palisade Wall |
| 21:28 | Build | Palisade Wall |
| 21:31 | Build | Palisade Wall |
| 21:33 | Build | House |
| 21:36 | Create | Villager (Male) |
Build order — RoR | Smokealot
First 150 of 208 actions detected
| 0:00 | Create | Villager (Male) |
| 0:01 | Create | Villager (Male) |
| 0:01 | Create | Villager (Male) |
| 0:02 | Build | House |
| 0:03 | Build | House |
| 0:10 | Create | Villager (Male) |
| 0:11 | Create | Villager (Male) |
| 0:11 | Create | Villager (Male) |
| 1:09 | Create | Villager (Male) |
| 1:09 | Create | Villager (Male) |
| 1:41 | Create | Villager (Male) |
| 1:41 | Create | Villager (Male) |
| 1:42 | Create | Villager (Male) |
| 1:47 | Build | Lumber Camp |
| 2:11 | Create | Villager (Male) |
| 2:11 | Create | Villager (Male) |
| 2:35 | Create | Villager (Male) |
| 2:35 | Create | Villager (Male) |
| 3:06 | Create | Villager (Male) |
| 3:06 | Create | Villager (Male) |
| 3:25 | Build | House |
| 3:25 | Build | House |
| 3:26 | Build | House |
| 3:32 | Create | Villager (Male) |
| 3:33 | Create | Villager (Male) |
| 3:52 | Create | Villager (Male) |
| 3:52 | Create | Villager (Male) |
| 4:30 | Create | Villager (Male) |
| 4:31 | Create | Villager (Male) |
| 4:49 | Create | Villager (Male) |
| 4:49 | Create | Villager (Male) |
| 4:58 | Create | Villager (Male) |
| 4:58 | Create | Villager (Male) |
| 5:03 | Build | Mill |
| 5:16 | Create | Villager (Male) |
| 5:37 | Create | Villager (Male) |
| 5:49 | Create | Villager (Male) |
| 6:21 | Create | Villager (Male) |
| 6:21 | Create | Villager (Male) |
| 6:52 | Create | Villager (Male) |
| 6:54 | Create | Villager (Male) |
| 7:09 | Create | Villager (Male) |
| 7:25 | Build | Farm |
| 7:28 | Build | Farm |
| 7:30 | Build | Farm |
| 7:44 | Create | Villager (Male) |
| 8:24 | Build | Mining Camp |
| 8:34 | Research | Feudal Age |
| 9:02 | Create | Villager (Male) |
| 9:03 | Create | Villager (Male) |
| 10:56 | Age | Feudal Age |
| 10:57 | Build | Market |
| 10:59 | Build | Blacksmith |
| 11:00 | Build | House |
| 11:05 | Build | Mill |
| 11:10 | Build | House |
| 12:04 | Research | Castle Age |
| 12:04 | Research | Castle Age |
| 12:26 | Build | Lumber Camp |
| 12:29 | Research | Double-Bit Axe |
| 12:29 | Research | Double-Bit Axe |
| 12:57 | Research | Horse Collar |
| 13:15 | Build | Barracks |
| 13:37 | Create | Villager (Male) |
| 14:44 | Age | Castle Age |
| 14:46 | Build | Siege Workshop |
| 14:51 | Create | Fire Lancer |
| 14:53 | Create | Villager (Male) |
| 14:57 | Research | Bow Saw |
| 15:08 | Create | Fire Lancer |
| 15:12 | Build | Barracks |
| 15:18 | Create | Villager (Male) |
| 15:30 | Create | Unit 1105 |
| 15:52 | Create | Fire Lancer |
| 16:38 | Create | Battering Ram |
| 16:39 | Create | Battering Ram |
| 16:44 | Create | Fire Lancer |
| 16:55 | Build | Farm |
| 16:56 | Create | Villager (Male) |
| 17:00 | Build | House |
| 17:01 | Build | House |
| 17:08 | Create | Fire Lancer |
| 17:08 | Create | Fire Lancer |
| 17:08 | Create | Fire Lancer |
| 17:10 | Create | Villager (Male) |
| 17:11 | Build | House |
| 17:12 | Build | House |
| 17:27 | Research | Scale Mail Armor |
| 17:27 | Research | Scale Mail Armor |
| 17:35 | Create | Battering Ram |
| 17:35 | Create | Battering Ram |
| 17:36 | Create | Battering Ram |
| 17:39 | Build | Farm |
| 17:55 | Build | Lumber Camp |
| 17:58 | Create | Villager (Male) |
| 17:59 | Create | Villager (Male) |
| 18:15 | Create | Battering Ram |
| 18:15 | Create | Battering Ram |
| 18:16 | Create | Battering Ram |
| 18:19 | Create | Fire Lancer |
| 18:20 | Create | Fire Lancer |
| 18:21 | Create | Fire Lancer |
| 18:31 | Create | Villager (Male) |
| 18:31 | Create | Villager (Male) |
| 18:33 | Create | Fire Lancer ×2 |
| 18:34 | Create | Fire Lancer ×2 |
| 18:34 | Create | Fire Lancer ×2 |
| 19:16 | Create | Villager (Male) |
| 19:18 | Create | Battering Ram ×2 |
| 19:18 | Create | Battering Ram ×2 |
| 19:31 | Create | Villager (Male) |
| 19:39 | Create | Fire Lancer ×5 |
| 19:39 | Create | Fire Lancer ×5 |
| 19:59 | Build | House |
| 19:59 | Build | House |
| 20:07 | Create | Fire Lancer |
| 20:07 | Create | Fire Lancer |
| 20:13 | Create | Villager (Male) |
| 20:53 | Research | Squires |
| 20:54 | Research | Squires |
| 20:54 | Research | Arson |
| 21:14 | Create | Fire Lancer ×2 |
| 21:14 | Create | Fire Lancer ×2 |
| 21:27 | Build | House |
| 21:27 | Build | House |
| 21:39 | Create | Villager (Male) |
| 21:51 | Build | Farm |
| 21:53 | Create | Villager (Male) |
| 21:55 | Create | Fire Lancer ×2 |
| 21:55 | Create | Fire Lancer ×2 |
| 22:18 | Research | Chain Mail Armor |
| 22:23 | Create | Fire Lancer ×2 |
| 22:23 | Create | Fire Lancer ×2 |
| 22:23 | Create | Fire Lancer ×2 |
| 22:26 | Build | House |
| 22:27 | Create | Villager (Male) |
| 22:37 | Build | Farm |
| 22:59 | Build | House |
| 23:02 | Create | Fire Lancer ×2 |
| 23:02 | Create | Fire Lancer ×2 |
| 23:02 | Create | Fire Lancer ×2 |
| 23:04 | Create | Villager (Male) |
| 23:16 | Create | Villager (Male) |
| 23:22 | Create | Fire Lancer |
| 23:22 | Create | Fire Lancer |
| 23:37 | Create | Villager (Male) |
| 23:37 | Build | House |
| 24:01 | Create | Fire Lancer ×2 |
| 24:02 | Create | Villager (Male) |
| 24:11 | Build | House |
Match timeline
| 0:36 | OS | 展毅 · wall_segment Palisade Wall x1 |
| 0:37 | OS | 展毅 · wall_segment Palisade Wall x1 |
| 0:41 | OS | 展毅 · wall_segment Palisade Wall x1 |
| 0:42 | OS | 展毅 · wall_segment Palisade Wall x1 |
| 0:46 | OS | 展毅 · wall_segment Palisade Wall x1 |
| 0:47 | OS | 展毅 · wall_segment Palisade Wall x1 |
| 0:50 | OS | 展毅 · wall_segment Palisade Wall x1 |
| 0:57 | OS | 展毅 · wall_segment Palisade Wall x1 |
| 1:00 | OS | 展毅 · wall_segment Palisade Wall x1 |
| 1:04 | OS | 展毅 · wall_segment Palisade Wall x1 |
| 1:09 | OS | 展毅 · wall_segment Palisade Wall x1 |
| 1:11 | OS | 展毅 · wall_segment Palisade Wall x1 |
| 1:19 | OS | 展毅 · wall_segment Palisade Wall x1 |
| 1:32 | OS | 展毅 · wall_segment Palisade Wall x1 |
| 1:33 | OS | 展毅 · wall_segment Palisade Wall x1 |
| 1:39 | OS | 展毅 · wall_segment Palisade Wall x1 |
| 1:45 | develement · wall_segment Palisade Wall x1 |
| 1:47 | develement · wall_segment Palisade Wall x1 |
| 1:48 | develement · wall_segment Palisade Wall x1 |
| 1:58 | develement · wall_segment Palisade Wall x1 |
| 2:02 | develement · wall_segment Palisade Wall x1 |
| 2:12 | develement · wall_segment Palisade Wall x1 |
| 2:13 | develement · wall_segment Palisade Wall x1 |
| 2:19 | develement · wall_segment Palisade Wall x1 |
| 9:21 | ArNuL · first_building Barracks |
| 10:13 | Armazmar · age_up feudal |
| 10:13 | develement · age_up feudal |
| 10:36 | FMG | Camilo · age_up feudal |
| 10:56 | RoR | Smokealot · age_up feudal |
| 10:56 | ArNuL · age_up feudal |
| 10:56 | |FMG| TINCHO · age_up feudal |
| 11:03 | develement · first_market_buy 100 food |
| 11:04 | develement · first_market_sell 100 wood |
| 11:10 | ArNuL · first_building Archery Range |
| 12:01 | OS | 展毅 · age_up feudal |
| 12:12 | OS+ | Slam's Coach · age_up feudal |
| 13:02 | |FMG| TINCHO · first_building Barracks |
| 13:15 | RoR | Smokealot · first_building Barracks |
| 13:44 | develement · age_up castle |
| 14:21 | |FMG| TINCHO · wall_segment Palisade Wall x1 |
| 14:36 | |FMG| TINCHO · age_up castle |
| 14:37 | |FMG| TINCHO · wall_segment Palisade Wall x1 |
| 14:38 | FMG | Camilo · age_up castle |
| 14:44 | RoR | Smokealot · age_up castle |
| 14:46 | RoR | Smokealot · first_building Siege Workshop |
| 15:17 | |FMG| TINCHO · first_building Monastery |
| 15:20 | FMG | Camilo · first_market_buy 100 food |
| 15:35 | OS | 展毅 · age_up castle |
| 15:47 | OS+ | Slam's Coach · age_up castle |
| 15:52 | Armazmar · age_up castle |
| 16:10 | ArNuL · age_up castle |
| 16:12 | ArNuL · first_building Siege Workshop |
| 16:25 | develement · first_building Monastery |
| 16:47 | Armazmar · first_building Monastery |
| 17:34 | RoR | Smokealot · first_market_sell 100 wood |
| 17:46 | |FMG| TINCHO · first_market_sell 100 wood |
| 19:03 | OS+ | Slam's Coach · first_building Castle |
| 19:44 | OS+ | Slam's Coach · first_market_buy 100 stone |
| 19:50 | FMG | Camilo · first_building Barracks |
| 20:04 | OS+ | Slam's Coach · first_market_sell 500 wood |
| 20:18 | FMG | Camilo · wall_segment Palisade Wall x1 |
| 20:52 | RoR | Smokealot · first_market_buy 100 food |
| 21:24 | FMG | Camilo · wall_segment Palisade Wall x1 |
| 21:25 | FMG | Camilo · wall_segment Palisade Wall x1 |
| 21:26 | FMG | Camilo · wall_segment Palisade Wall x1 |
| 21:28 | develement · first_building Siege Workshop |
| 21:28 | FMG | Camilo · wall_segment Palisade Wall x1 |
| 21:31 | FMG | Camilo · wall_segment Palisade Wall x1 |
| 21:39 | develement · wall_segment Stone Wall x1 |
| 21:41 | develement · wall_segment Stone Wall x6 |
| 21:44 | develement · wall_segment Stone Wall x6 |
| 21:47 | OS | 展毅 · first_building Monastery |
| 21:47 | develement · wall_segment Stone Wall x1 |
| 21:55 | OS+ | Slam's Coach · first_building Donjon |
| 22:28 | develement · wall_segment Stone Wall x4 |
| 22:35 | FMG | Camilo · wall_segment Palisade Wall x1 |
| 22:47 | OS | 展毅 · first_building Castle |
| 22:48 | develement · wall_segment Stone Wall x2 |
| 22:54 | |FMG| TINCHO · wall_segment Stone Wall x1 |
| 22:57 | |FMG| TINCHO · wall_segment Stone Wall x2 |
| 23:01 | develement · wall_segment Stone Wall x1 |
| 23:24 | Armazmar · first_building Castle |
| 23:24 | OS | 展毅 · first_building Barracks |
| 23:36 | |FMG| TINCHO · first_market_buy 100 wood |
| 23:37 | OS+ | Slam's Coach · wall_segment Palisade Wall x1 |
| 23:38 | OS | 展毅 · first_market_sell 100 food |
| 23:39 | |FMG| TINCHO · first_building Siege Workshop |
| 24:14 | FMG | Camilo · first_building Siege Workshop |
| 24:19 | OS | 展毅 · first_building Stable |
| 24:28 | FMG | Camilo · first_building Castle |
| 25:02 | Armazmar · first_building Barracks |
| 25:13 | |FMG| TINCHO · wall_segment Stone Wall x3 |
| 25:43 | Armazmar · first_building Siege Workshop |
| 25:51 | Armazmar · first_building Archery Range |
| 26:00 | OS+ | Slam's Coach · wall_segment Stone Wall x1 |
| 26:04 | OS+ | Slam's Coach · wall_segment Stone Wall x5 |
| 26:40 | OS+ | Slam's Coach · wall_segment Stone Wall x1 |
| 26:41 | OS+ | Slam's Coach · wall_segment Stone Wall x1 |
| 26:45 | OS+ | Slam's Coach · wall_segment Stone Wall x1 |
| 26:56 | OS+ | Slam's Coach · wall_segment Stone Wall x1 |
| 26:56 | OS+ | Slam's Coach · wall_segment Stone Wall x1 |
| 26:56 | Armazmar · wall_segment Stone Wall x17 |
| 27:01 | |FMG| TINCHO · wall_segment Stone Wall x1 |
| 27:12 | FMG | Camilo · first_market_sell 100 food |
| 27:14 | OS | 展毅 · age_up imperial |
| 27:16 | OS+ | Slam's Coach · wall_segment Stone Wall x6 |
| 27:22 | OS+ | Slam's Coach · wall_segment Stone Wall x1 |
| 27:53 | OS+ | Slam's Coach · first_building Siege Workshop |
| 27:53 | Armazmar · age_up imperial |
| 27:53 | Armazmar · first_market_buy 100 wood |
| 28:27 | ArNuL · first_building Stable |
| 28:35 | OS+ | Slam's Coach · wall_segment Stone Wall x1 |
| 28:41 | FMG | Camilo · wall_segment Palisade Wall x1 |
| 29:27 | develement · wall_segment Stone Wall x1 |
| 29:27 | develement · wall_segment Stone Wall x1 |
| 29:28 | develement · wall_segment Stone Wall x1 |
| 29:28 | develement · wall_segment Stone Wall x1 |
| 29:29 | OS+ | Slam's Coach · age_up imperial |
| 29:48 | develement · wall_segment Stone Wall x1 |
| 30:09 | FMG | Camilo · resign |
[ AI ANALYSIS · 1 CREDIT ]
What really happened in this match?
Wolo.gg analyzes every decision: build order, eco, micro, common mistakes by bracket. Personalized analysis on WhatsApp or Discord in 30 seconds.
Civ guide
Saracens
Map guide
Arena
Perfil
develement